 Dungeon Crawl Stone Soup version 0.23.2 (webtiles) character file.

Game seed: 17614982608205903218

2171 Brecoman the Skirmisher (level 9, -1/94 HPs)
             Began as a Black Draconian Transmuter on Apr 12, 2019.
             Was an Initiate of Ru.
             Slain by a wolf (12 damage)
             ... led by Grum
             ... on level 7 of the Dungeon.
             The game lasted 00:30:22 (7725 turns).

Brecoman the Skirmisher (DrTm)                      Turns: 7725, Time: 00:30:23

Health: -1/94      AC:  7    Str: 15    XL:     9   Next: 11%
Magic:  6/13       EV: 10    Int: 23    God:    Ru [......]
Gold:   242        SH:  0    Dex: 11    Spells: 6/13 levels left

rFire    x . .     SeeInvis .     - Unarmed
rCold    + + +     Gourm    .   (shield currently unavailable)
rNeg     + . .     Faith    .   (armour unavailable)
rPois    +         Spirit   .   (helmet currently unavailable)
rElec    .         Reflect  .   (cloak currently unavailable)
rCorr    .         Harm     .   (gloves currently unavailable)
MR       .....     Rnd*Tele +   (boots currently unavailable)
Stlth    +.........             (no amulet)
HPRegen  0.25/turn              l - +4 ring of intelligence
MPRegen  0.13/turn              F - ring of Hiruiq {*Tele rN+ Int+4}

@: ice-form, very slightly contaminated
A: large, (breathe lightning), unfitting armour, AC +7
a: End Transformation, Renounce Religion


You were on level 7 of the Dungeon.
You worshipped Ru.
Ru was noncommittal.
You were hungry.
You were a creature of crystalline ice.
You visited 2 branches of the dungeon, and saw 10 of its levels.
You also visited: Ossuary.

You collected 242 gold pieces.

Inventory:

Hand Weapons
 a - a +1 blowgun
Missiles
 h - 220 stones (quivered)
 r - 8 arrows
 s - 39 poisoned needles
Armour
 j - a +1 buckler (melded)
 o - a +0 cloak
 u - a +2 cloak of poison resistance (melded)
Jewellery
 l - a +4 ring of intelligence (left front paw)
 t - an uncursed ring of poison resistance
 B - an uncursed ring of flight
 F - the ring of Hiruiq (right front paw) {*Tele rN+ Int+4}
   (You found it on level 6 of the Dungeon)

   [ring of teleportation]

   It may teleport you next to monsters.
   It affects your intelligence (+4).
   It protects you from negative energy.
Wands
 m - a wand of flame (8)
 p - a wand of random effects (22)
 z - a wand of iceblast (18)
Scrolls
 d - a scroll of enchant armour
 f - 12 scrolls of remove curse
 g - a scroll of teleportation
 k - 2 scrolls of magic mapping
 C - a scroll of identify
Potions
 b - 2 potions of mutation
 e - 3 potions of haste
 i - 3 potions of brilliance
 n - 5 potions of curing
 q - a potion of flight {unknown}
 v - a potion of degeneration {unknown}
 D - a potion of invisibility {unknown}
 G - a potion of resistance
Comestibles
 c - 14 rations
 A - 8 chunks of flesh


   Skills:
 + Level 7.4 Fighting
 - Level 2.0 Dodging
 - Level 4.0 Shields
 + Level 3.9 Unarmed Combat
 + Level 2.7 Spellcasting
 + Level 7.1 Transmutations
 - Level 4.5 Ice Magic


You had 6 spell levels left.
You knew the following spells:

 Your Spells              Type           Power        Failure   Level  Hunger
a - Beastly Appendage     Tmut           #####.       1%          1    None
b - Sticks to Snakes      Tmut           #####...     1%          2    ##.....
c - Ice Form              Ice/Tmut       ####....     11%         4    ####...

Your spell library contained the following spells:

 Spells                   Type           Power        Failure   Level  Hunger
 Spider Form              Tmut/Pois      ###.......   9%          3    ###....
 Blade Hands              Tmut           #####.....   19%         5    ######.


Dungeon Overview and Level Annotations

Branches:
Dungeon (9/15)             Temple (1/1) D:6
   Lair: D:8-11         Orc: D:9-12

Altars:
Ashenzari
Cheibriados
Dithmenos
Elyvilon
Fedhas
Gozag
Hepliaklqana
Kikubaaqudgha
Makhleb
Nemelex Xobeh
Okawaru
Qazlal
Ru
Sif Muna
Trog
Uskayaw
Vehumet
Wu Jian
Xom
Yredelemnul
Zin
The Shining One

Shops:
D:6 *

Annotations:
D:3 2 transporters
D:9 Grum


Innate Abilities, Weirdness & Mutations

((You can breathe wild blasts of lightning.))
((Your glossy black scales are hard. (AC +7)))
You cannot fit into any form of body armour.
((You are resistant to electric shocks. (rElec)))
((You are cold-blooded and may be slowed by cold attacks.))


Message History

You hit the wolf. You freeze the wolf.
The wolf is heavily wounded.
The wolf bites you.
You hit the wolf. You freeze the wolf.
The wolf is severely wounded.
The wolf bites you!
* * * LOW HITPOINT WARNING * * *
The wolf bites you!
* * * LOW HITPOINT WARNING * * *
You miss the wolf.
The wolf is severely wounded.
The wolf bites you.
* * * LOW HITPOINT WARNING * * *
Evoke which item? (* to show all) (? for menu, Esc to quit)
Okay, then.
Okay, then.
You closely miss the wolf.
The wolf is severely wounded.
The wolf bites you!
You die...

.. . . .#
##.#..
########.....$
#!...YhS.#.#
#.#####>...#
#...........
#..........#
.........##.#
###.##...## #
#. ##.## # ##


You could see a wolf and an adder.

Vanquished Creatures
  A two-headed ogre (D:6)
  A hippogriff (D:9)
  Grinder (D:3)
  A sky beast (D:5)
  An ice beast (D:5)
  A phantom (D:4)
  A bullfrog (D:5)
  A scorpion (D:5)
  A howler monkey (D:9)
  A crimson imp (D:5)
  Crazy Yiuf (D:3)
  An orc priest (D:6)
  2 hounds
  An iron imp (D:5)
  3 orc wizards (D:6)
  Jessica (D:2)
  A bullfrog skeleton (D:5)
  2 iguanas
  Ijyb (D:3)
  Natasha (thrice) (D:2)
  4 worker ants
  4 big kobold zombies (Ossuary)
  A mummy (Ossuary)
  4 adders
  2 gnolls (D:4)
  7 adder zombies (Ossuary)
  2 adder skeletons
  2 worms
  A dart slug (D:1)
  6 leopard geckos
  6 orcs
  6 bats
  2 giant cockroaches
  7 goblins
  6 hobgoblins
  11 kobolds
  5 quokkas
  A ball python (D:2)
  8 frilled lizards
  7 hobgoblin zombies (Ossuary)
  7 kobold zombies (Ossuary)
  9 orc zombies (Ossuary)
  27 rats
161 creatures vanquished.

Vanquished Creatures (collateral kills)
  A sky beast (D:5)
  2 ogres
  A howler monkey (D:4)
  A mummy (Ossuary)
  2 adders
  A gnoll (D:4)
  An adder skeleton (D:5)
  2 worms (D:4)
11 creatures vanquished.

Grand Total: 172 creatures vanquished

Notes
Turn   | Place    | Note
-------+----------+-------------------------------------------
     0 | D:1      | Brecoman the Draconian Transmuter began the quest for the
                  | Orb.
     0 | D:1      | Reached XP level 1. HP: 16/16 MP: 3/3
   291 | D:1      | Reached XP level 2. HP: 15/23 MP: 3/5
   550 | D:1      | Learned a level 2 spell: Sticks to Snakes
  1021 | D:1      | Reached XP level 3. HP: 28/28 MP: 4/6
  1131 | D:2      | Noticed Jessica
  1141 | D:2      | Killed Jessica
  1441 | D:2      | Reached XP level 4. HP: 36/36 MP: 5/7
  1469 | D:2      | Noticed Natasha
  1484 | D:2      | Killed Natasha
  1803 | D:2      | Noticed Natasha
  1811 | D:2      | Killed Natasha
  1811 | D:2      | Reached skill level 1 in Shields
  1931 | D:2      | Learned a level 4 spell: Ice Form
  2112 | D:2      | Noticed Natasha
  2120 | D:2      | Killed Natasha
  2120 | D:2      | Reached XP level 5. HP: 44/44 MP: 2/8
  2722 | D:3      | Noticed Grinder
  2732 | D:3      | Paralysed by Grinder for 7 turns
  2985 | D:3      | Noticed Ijyb
  3010 | D:3      | Killed Ijyb
  3269 | D:3      | Found a transporter.
  3306 | D:3      | Found a transporter.
  3337 | D:3      | Paralysed by Grinder for 4 turns
  3348 | D:3      | Killed Grinder
  3348 | D:3      | Reached XP level 6. HP: 28/52 MP: 4/9
  3868 | D:3      | Found a runed translucent door.
  3869 | D:3      | Noticed Crazy Yiuf
  3881 | D:3      | HP: 1/52 [Crazy Yiuf/+3 quarterstaff of chaos (6)]
  3883 | D:3      | Killed Crazy Yiuf
  5033 | D:4      | Found a sand-covered staircase.
  5039 | Ossuary  | Entered an ossuary
  5315 | Ossuary  | Your scales start taking on a glossy black colour.
  5315 | Ossuary  | Reached XP level 7. HP: 49/60 MP: 10/10
  5315 | Ossuary  | Gained mutation: You are resistant to electric shocks.
                  | (rElec) [Black Draconian growth]
  5510 | D:4      | Reached skill level 5 in Transmutations
  5617 | D:4      | Reached skill level 5 in Fighting
  5679 | D:4      | Reached skill level 1 in Ice Magic
  6001 | D:5      | Entered Level 5 of the Dungeon
  6083 | D:5      | Reached XP level 8. HP: 62/70 MP: 1/11
  6467 | D:5      | Found a snail-covered altar of Cheibriados.
  6911 | D:6      | Found a staircase to the Ecumenical Temple.
  6929 | Temple   | Entered the Ecumenical Temple
  7130 | Temple   | Became a worshipper of Ru the Awakened
  7145 | D:6      | Noticed a two-headed ogre
  7199 | D:6      | Killed a two-headed ogre
  7358 | D:6      | Found Laneohim's Assorted Antiques.
  7409 | D:6      | Got a twitching pewter ring
  7411 | D:6      | Identified the ring of Hiruiq {*Tele rN+ Int+4} (You found
                  | it on level 6 of the Dungeon)
  7475 | D:6      | Found a bloodstained altar of Trog.
  7522 | D:6      | You fall through a shaft for 3 floors!
  7594 | D:9      | Noticed a hippogriff
  7602 | D:9      | Reached XP level 9. HP: 79/79 MP: 7/12
  7688 | D:9      | Noticed Grum
  7701 | D:8      | HP: 2/94 [wolf[Grum] (3)]
  7725 | D:7      | Slain by a wolf

Skill      XL: |  1  2  3  4  5  6  7  8 |
---------------+-------------------------+-----
Dodging        | 2 |  2.0
Fighting       | 2 3 4 5 7 |  7.4
Transmutations | 3 4 5 7 |  7.1
Shields        | 1 2 3 4 |  4.0
Ice Magic      | 2 4 |  4.5
Unarmed Combat | |  3.9
Spellcasting   | |  2.7

Action                   |  1- 3 |  4- 6 |  7- 9 || total
-------------------------+-------+-------+-------++-------
Melee: Unarmed           |    93 |   344 |   320 ||   757
       Headbutt          |     6 |    14 |    19 ||    39
       Tailslap          |     5 |    39 |    31 ||    75
       Kick              |     2 |    48 |    24 ||    74
       Punch             |     1 |       |       ||     1
 Fire: Blowgun           |       |    11 |       ||    11
 Cast: Beastly Appendage |    19 |    23 |    21 ||    63
       Sticks to Snakes  |     2 |    18 |    21 ||    41
       Ice Form          |       |       |     3 ||     3
 Abil: Breathe Lightning |       |       |     1 ||     1
Evoke: Wand              |       |     2 |       ||     2
  Use: Potion            |       |     1 |     3 ||     4
       Scroll            |       |     4 |     9 ||    13
 Stab: Distracted        |       |     1 |       ||     1
  Eat: Chunk             |     2 |     9 |     8 ||    19
       Ration            |       |     1 |     1 ||     2
Armor: Skin              |    28 |   121 |   105 ||   254
Dodge: Dodged            |    68 |   212 |   140 ||   420
Block: Buckler           |     1 |    63 |    36 ||   100
